cohdb
Replays
Latest Replays
All Replays
Popular Replays
Top Player Replays
Match Explorer
How It Works
Community
CoH3 Stats
Reddit
Sign in to upload your games and track your stats! →
Sign in with Steam
Match 44753494
Unlisted
Match 44753494
Overview
Messages
Build Orders
End
Kradschützen Motorcycle Team
Panzergrenadier Squad
250 Light Carrier
Panzerpioneer Squad
Construct Light Support Kompanie
250 Light Carrier
Fire Support Elements
Combat Half-tracks
MG34 Team
Panzerjäger Mechanized Group
Selects Armored Support Battlegroup
Selects Superior Fire Drills
Flakvierling Half-track
Pak 38 Anti-tank Gun Team
Construct Panzerarmee Kommand
Assault Mechanized Group
2.5-tonne Medical Truck
Selects Flammpanzer III Medium Tank
Flammpanzer III Medium Tank
Selects Command Panzer IV F Medium Tank
Flammpanzer III Medium Tank
Flammpanzer III Medium Tank
Vehicle Survival Package
Selects Salvage Kits
Selects Panzer Storm
Panzer III L Medium Tank
Panzer Storm
Panzerpioneer Squad
XuZhongwei
上海交大周杰伦
Sgt. Tackleberry
Serbik
0
0
Comments
sign in to comment!
No comments posted yet!